 Dungeon Crawl Stone Soup version 0.19.5 (webtiles) character file.

9202 Plasmo the Arsonist (level 11, 0/89 HPs)
             Began as a Pale Draconian Fire Elementalist on May 25, 2017.
             Was an Elder of Vehumet.
             Slain by a freezing wraith (6 damage)
             ... in an ice cave.
             The game lasted 01:03:53 (12786 turns).

Plasmo the Arsonist (DrFE)                         Turns: 12786, Time: 01:03:53

Health: 0/89       AC: 10    Str: 16    XL:     11   Next: 19%
Magic:  19/20      EV: 15    Int: 19    God:    Vehumet [****..]
Gold:   538        SH:  0    Dex: 11    Spells: 7 memorised, 3 levels left

rFire  . . .     SeeInvis .     w - +2 whip (freeze)
rCold  . . .     Gourm    .     (armour unavailable)
rNeg   + . .     Faith    .     (no shield)
rPois  +         Spirit   .     (helmet restricted)
rElec  .         Reflect  .     f - +2 cloak
rCorr  .         Harm     .     (no gloves)
MR     .....                    (no boots)
Stlth  ++........               s - amulet of magic regeneration
                                e - ring of positive energy
                                G - ring of poison resistance

@: mighty, slowed, studying Bows, very slow
A: breathe steam, unfitting armour, cold-blooded, AC +7
a: Breathe Steam, Renounce Religion


You were in an ice cave.
You worshipped Vehumet.
Vehumet was greatly pleased with you.
You were not hungry.

You visited 3 branches of the dungeon, and saw 11 of its levels.
You also visited: Ossuary and Ice Cave.

You collected 578 gold pieces.
You spent 40 gold pieces at shops.

Inventory:

Hand Weapons
 p - a +0 antimagic mace
 w - a +2 whip of freezing (weapon)
Missiles
 o - 8 javelins (quivered)
Armour
 f - a +2 cloak (worn)
Jewellery
 c - an uncursed ring of flight
 e - a ring of positive energy (right hand)
 s - an amulet of magic regeneration (around neck)
 G - a ring of poison resistance (left hand)
Wands
 d - a wand of paralysis (9/24)
 t - a wand of enslavement (7/24)
 u - a wand of flame (6/48)
Scrolls
 k - 3 scrolls of fear
 r - 5 scrolls of fog
 x - 3 scrolls of recharging
 y - 2 scrolls of teleportation
 E - 2 scrolls of amnesia
 F - 4 scrolls of remove curse
Potions
 h - a potion of resistance
 i - 2 potions of cancellation
 l - a potion of brilliance
 m - a potion of invisibility
 n - 2 potions of flight
 q - a potion of might
 v - a potion of beneficial mutation {unknown}
 z - a potion of curing
 A - 2 potions of magic
Books
 a - a book of Flames

   Spells                             Type                      Level
   a - Flame Tongue                   Conjuration/Fire             1
   b - Throw Flame                    Conjuration/Fire             2
   c - Conjure Flame                  Conjuration/Fire             3
   d - Inner Flame                    Hexes/Fire                   3
   e - Sticky Flame                   Conjuration/Fire             4
   f - Fireball                       Conjuration/Fire             5
 g - a book of Minor Magic

   Spells                             Type                      Level
   a - Magic Dart                     Conjuration                  1
   b - Blink                          Translocation                2
   c - Call Imp                       Summoning                    2
   d - Repel Missiles                 Charms/Air                   2
   e - Slow                           Hexes                        2
   f - Conjure Flame                  Conjuration/Fire             3
   g - Mephitic Cloud                 Conjuration/Poison/Air       3
 B - the Incunabulum of Destructive Creation
   (You found it on level 8 of the Dungeon)

   Spells                             Type                      Level
   a - Summon Lightning Spire         Summoning/Air                4
   b - Aura of Abjuration             Summoning                    5
   c - Iron Shot                      Conjuration/Earth            6
 C - a book of Changes

   Spells                             Type                      Level
   a - Beastly Appendage              Transmutation                1
   b - Sticks to Snakes               Transmutation                2
   c - Spider Form                    Transmutation/Poison         3
   d - Ice Form                       Ice/Transmutation            4
   e - Blade Hands                    Transmutation                5
 H - a manual of Bows
Comestibles
 b - 5 bread rations
 j - 2 meat rations
 J - 9 royal jellies
 L - 2 beef jerkies


   Skills:
 * Level 6.2 Fighting
 * Level 6.0 Maces & Flails
 - Level 2.6 Throwing
 * Level 6.2 Dodging
 - Level 4.1 Stealth
 - Level 3.5 Unarmed Combat
 * Level 6.0 Spellcasting
 * Level 6.2 Conjurations
 * Level 8.0 Fire Magic
 + Level 1.4 Ice Magic
 * Level 3.1 Air Magic
 + Level 4.6 Evocations


You had 3 spell levels left.
You knew the following spells:

 Your Spells              Type           Power        Failure   Level  Hunger
a - Flame Tongue          Conj/Fire      ####.        1%          1    None
b - Throw Flame           Conj/Fire      ####..       1%          2    None
c - Conjure Flame         Conj/Fire      ####....     1%          3    ##.....
d - Sticky Flame          Conj/Fire      ####....     2%          4    ####...
e - Searing Ray           Conj           ####..       1%          2    None
f - Mephitic Cloud        Conj/Pois/Air  ###.....     3%          3    ##.....
g - Throw Icicle          Conj/Ice       ###.....     8%          4    ####...


Dungeon Overview and Level Annotations

Branches:
Dungeon (9/15)             Temple (1/1) D:4            Lair (1/6) D:9
    Orc: D:9-12

Altars:
Ashenzari
Cheibriados
Dithmenos
Elyvilon
Fedhas
Gozag
Hepliaklqana
Kikubaaqudgha
Makhleb
Nemelex Xobeh
Qazlal
Ru
Vehumet
Xom
The Shining One

Shops:
D:5 !

Annotations:
D:4 turnburgler's ghost, novice HEFE


Innate Abilities, Weirdness & Mutations

You can breathe blasts of scalding, opaque steam.
Your pale cyan-grey scales are hard. (AC +7)
You cannot fit into any form of body armour.
You are cold-blooded and may be slowed by cold attacks.


Message History

The freezing wraith hits you. The freezing wraith drains your vigour!
You feel as though you will be slow longer.
The freezing wraith hits you!
* * * LOW HITPOINT WARNING * * *
The freezing wraith freezes you!
* * * LOW HITPOINT WARNING * * *
The freezing wraith closely misses you.
You feel better.
The freezing wraith hits you but does no damage.
The freezing wraith closely misses you.
You feel better. The freezing wraith barely misses you.
The freezing wraith hits you!
* * * LOW HITPOINT WARNING * * *
The freezing wraith misses you. x2
The freezing wraith misses you. The freezing wraith hits you!
* * * LOW HITPOINT WARNING * * *
The freezing wraith drains your vigour!
You feel as though you will be slow longer.
The freezing wraith barely misses you. The freezing wraith hits you.
You die...

#..........#.
#.......##...
##.....####..
#......# ###
##....## ###
#...## ##.##
##..## #...##
#..##
#..@.####..#
#.W#...#...#
#..##.....##
##ยง###...##
#..######
##..# ...#
#...# #...#


You could see a freezing wraith.

Vanquished Creatures
  The ghost of Kosschaser the Grappler, a novice TrBe of Trog (D:5)
  Pikel (D:8)
  3 hornets (D:9)
  Grinder (D:4)
  A hippogriff (D:8)
  5 blink frogs (Lair:1)
  A wraith (Ossuary)
  Grum (D:8)
  6 yaks (D:9)
  Eustachio (D:4)
  A basilisk (Lair:1)
  A hungry ghost (D:9)
  A death yak simulacrum (IceCv)
  A soldier ant (D:9)
  4 orc warriors
  2 slaves
  14 ice beasts
  2 sky beasts
  5 ogres
  3 wolves (D:8)
  A centaur (D:8)
  2 bullfrogs
  A big kobold (D:8)
  A wyvern skeleton (D:7)
  A water moccasin skeleton (D:5)
  4 scorpions
  3 elephant simulacra (IceCv)
  9 wights
  A centaur zombie (D:8)
  A quasit (D:9)
  Crazy Yiuf (D:2)
  2 bullfrog skeletons
  A gnoll shaman (D:5)
  5 hounds
  A jelly (D:7)
  3 orc priests
  5 orc wizards
  Jessica (D:2)
  2 worker ants
  A hound zombie (D:3)
  2 hound skeletons (D:6)
  A mummy (Ossuary)
  A howler monkey zombie (D:8)
  Robin (D:1)
  9 gnolls
  3 river rats (D:9)
  8 adders
  3 shadow imps
  5 white imps (IceCv)
  2 oozes
  3 worms
  2 dart slugs
  8 leopard geckos
  14 orcs
  18 bats
  2 bat zombies (D:3)
  7 giant cockroaches
  17 goblins
  12 hobgoblins
  4 jackals
  8 kobolds
  3 quokkas
  A ball python (D:7)
  5 frilled lizards
  6 gnoll skeletons (Ossuary)
  A goblin zombie (D:7)
  10 kobold skeletons (Ossuary)
  9 orc skeletons (Ossuary)
  15 rats
  2 rat zombies
  2 fungi (D:9)
285 creatures vanquished.

Vanquished Creatures (others)
  A slave (D:8)
  An ogre (D:8)
  2 jackals (D:8)
  7 fungi (D:9)
  3 plants (D:9)
14 creatures vanquished.

Grand Total: 299 creatures vanquished

Notes
Turn   | Place    | Note
-------+----------+-------------------------------------------
     0 | D:1      | Plasmo the Draconian Fire Elementalist began the quest for the Orb.
     0 | D:1      | Reached XP level 1. HP: 14/14 MP: 3/3
   249 | D:1      | Reached XP level 2. HP: 22/22 MP: 3/5
   695 | D:1      | Reached skill level 1 in Fighting
   904 | D:1      | Reached XP level 3. HP: 27/28 MP: 1/6
  1181 | D:2      | Noticed Robin
  2113 | D:2      | Noticed Jessica
  2152 | D:1      | Killed Robin
  2152 | D:1      | Reached XP level 4. HP: 35/35 MP: 1/7
  2212 | D:2      | Killed Jessica
  2650 | D:2      | Reached skill level 1 in Unarmed Combat
  2994 | D:2      | Learned a level 2 spell: Throw Flame
  2998 | D:2      | Learned a level 3 spell: Conjure Flame
  3216 | D:2      | Found a runed door.
  3337 | D:2      | Noticed Crazy Yiuf
  3346 | D:2      | Killed Crazy Yiuf
  3346 | D:2      | Reached XP level 5. HP: 20/41 MP: 0/8
  3616 | D:3      | Reached skill level 1 in Maces & Flails
  3721 | D:3      | Found an ancient bone altar of Kikubaaqudgha.
  4453 | D:4      | Noticed Eustachio
  4461 | D:4      | Noticed Grinder
  4478 | D:4      | Paralysed by Grinder for 2 turns
  4511 | D:4      | Killed Grinder
  4511 | D:4      | Reached skill level 4 in Fire Magic
  4511 | D:4      | Reached skill level 1 in Evocations
  4511 | D:4      | Reached XP level 6. HP: 20/50 MP: 8/10
  4557 | D:4      | Noticed turnburgler's ghost (novice HEFE)
  4840 | D:4      | Found a staircase to the Ecumenical Temple.
  4846 | Temple   | Entered the Ecumenical Temple
  4869 | Temple   | Became a worshipper of Vehumet
  4949 | D:4      | Your scales start taking on a pale cyan-grey colour.
  4949 | D:4      | Reached XP level 7. HP: 12/56 MP: 3/11
  5328 | D:4      | Killed Eustachio
  5328 | D:4      | Reached skill level 1 in Throwing
  5447 | D:4      | Found a radiant altar of Vehumet.
  5623 | D:4      | Found an opulent altar of Gozag.
  5702 | D:4      | Found a white marble altar of Elyvilon.
  5879 | D:5      | Entered Level 5 of the Dungeon
  5902 | D:5      | Noticed Kosschaser's ghost (novice TrBe)
  5960 | D:5      | Killed Kosschaser's ghost
  5960 | D:5      | Reached skill level 5 in Fire Magic
  5960 | D:5      | Reached XP level 8. HP: 27/63 MP: 10/13
  6562 | D:5      | Found a burning altar of Makhleb.
  6754 | D:5      | Found Woqy's Distillery.
  6990 | D:5      | Bought a potion of curing for 30 gold pieces
  6990 | D:5      | Bought a potion of degeneration for 10 gold pieces
  7873 | D:6      | Reached * piety under Vehumet
  7873 | D:6      | Offered knowledge of Shock by Vehumet.
  8110 | D:7      | Found a shadowy altar of Dithmenos.
  8169 | D:7      | Reached XP level 9. HP: 26/71 MP: 7/15
  8220 | D:7      | Found a sand-covered staircase.
  8227 | Ossuary  | Entered an ossuary
  8768 | D:7      | Reached ** piety under Vehumet
  8777 | D:7      | Learned a level 4 spell: Sticky Flame
  8838 | D:7      | Reached skill level 6 in Fire Magic
  8873 | D:7      | Offered knowledge of Searing Ray by Vehumet.
  8913 | D:7      | Learned a level 2 spell: Searing Ray
  9209 | D:8      | Noticed Pikel
  9243 | D:8      | Noticed Grum
  9267 | D:8      | Killed Grum
  9700 | D:8      | Killed Pikel
  9700 | D:8      | Reached skill level 5 in Fighting
  9700 | D:8      | Reached skill level 5 in Dodging
  9700 | D:8      | Reached skill level 5 in Conjurations
  9937 | D:8      | Identified the Incunabulum of Destructive Creation
  9974 | D:8      | Found a hazy altar of Hepliaklqana.
 10081 | D:8      | Reached XP level 10. HP: 81/81 MP: 7/17
 10176 | D:8      | Found a shattered altar of Ashenzari.
 10180 | D:8      | Offered knowledge of Static Discharge by Vehumet.
 10180 | D:8      | Reached skill level 5 in Maces & Flails
 10183 | D:8      | Found a snail-covered altar of Cheibriados.
 10717 | D:8      | Found a shimmering altar of Xom.
 10732 | D:8      | Learned a level 3 spell: Mephitic Cloud
 10968 | D:8      | Reached skill level 5 in Spellcasting
 11133 | D:9      | Reached *** piety under Vehumet
 11224 | D:9      | Offered knowledge of Throw Icicle by Vehumet.
 11233 | D:9      | Learned a level 4 spell: Throw Icicle
 11256 | D:9      | Reached skill level 1 in Air Magic
 11269 | D:9      | Reached skill level 7 in Fire Magic
 11516 | D:9      | Reached **** piety under Vehumet
 12070 | D:9      | Found a staircase to the Lair.
 12240 | Lair:1   | Entered Level 1 of the Lair of Beasts
 12255 | Lair:1   | Reached skill level 1 in Ice Magic
 12269 | Lair:1   | Offered knowledge of Yara's Violent Unravelling by Vehumet.
 12321 | Lair:1   | Reached XP level 11. HP: 33/89 MP: 15/19
 12447 | Lair:1   | Found a frozen archway.
 12488 | IceCv    | Entered an ice cave
 12502 | IceCv    | Reached skill level 8 in Fire Magic
 12782 | IceCv    | HP: 4/89 [freezing wraith (13)]
 12786 | IceCv    | Slain by a freezing wraith

Skill      XL: |  1  2  3  4  5  6  7  8  9 10 11 |
---------------+----------------------------------+-----
Fighting       | 1 2 3 4 5 6 |  6.2
Dodging        | 2 3 4 5 6 |  6.2
Unarmed Combat | 1 2 3 |  3.5
Conjurations   | 2 3 4 5 6 |  6.2
Stealth        | 2 3 4 |  4.1
Maces & Flails | 2 3 4 5 6 |  6.0
Fire Magic     | 4 5 6 7 8 |  8.0
Evocations     | 1 2 3 4 |  4.6
Throwing       | 1 2 |  2.6
Spellcasting   | 3 4 5 6 |  6.0
Air Magic      | 2 3 |  3.1
Ice Magic      | 1 |  1.4

Action                   |  1- 3 |  4- 6 |  7- 9 | 10-12 || total
-------------------------+-------+-------+-------+-------++-------
Melee: Unarmed           |    19 |       |       |       ||    19
       Tailslap          |     8 |    16 |    36 |    17 ||    77
       Club              |   112 |     8 |       |       ||   120
       Whip              |       |   142 |   260 |   159 ||   561
       Punch             |       |       |     3 |       ||     3
 Cast: Flame Tongue      |    65 |    84 |   136 |    46 ||   331
       Conjure Flame     |       |       |    11 |     8 ||    19
       Searing Ray       |       |       |    10 |     7 ||    17
       Sticky Flame      |       |       |     8 |    34 ||    42
 Abil: Breathe Steam     |       |       |    16 |    17 ||    33
  Use: Scroll            |     4 |     5 |     8 |     4 ||    21
       Potion            |       |     3 |       |     6 ||     9
 Stab: Sleeping          |       |     2 |     1 |     1 ||     4
       Distracted        |       |       |     1 |       ||     1
  Eat: Chunk             |     1 |     3 |     9 |     3 ||    16
       Bread ration      |     1 |       |       |       ||     1
       Fruit             |       |     9 |       |     3 ||    12
       Beef jerky        |       |       |     2 |     1 ||     3
       Pizza             |       |       |     2 |       ||     2
       Meat ration       |       |       |     1 |     2 ||     3
Armor: Skin              |    62 |    55 |   111 |    72 ||   300
Dodge: Dodged            |   142 |   124 |   219 |   176 ||   661
